[Event "Summer Prague Open-A 2022"]
[Site "Prague"]
[Date "2022.08.07"]
[Round "4.24"]
[White "Kaspi, Alexander"]
[Black "Kowalec, Maciej"]
[Result "1-0"]
[ECO "D35"]
[WhiteElo "2414"]
[BlackElo "2104"]
[Annotator "TA"]
[PlyCount "73"]
[EventDate "2022.08.05"]
[EventType "swiss"]
[EventCountry "CZE"]
[SourceTitle "playchess.com"]
[Source "ChessBase"]
[SourceQuality "1"]
[TimeControl "40/5400+30:1800+30"]

1. d4 d5 2. c4 e6 3. Nc3 Nf6 4. cxd5 exd5 5. Bg5 Be7 6. e3 c6 7. Bd3 O-O 8. Qc2 Nbd7 9. Nf3 Re8 10. O-O h6 11. Bh4 Ne4 12. Bxe4 Bxh4 13. Bh7+ Kh8 14. Nxh4 {[%emt 0:08:33] D36: Queen's Gambit Declined: Exchange Variation: Main line (5 Bg5 c6 6 Qc2).} Qxh4 15. Bd3 Nf6 16. b4 {[%emt 0:06:58] White is slightly better.} Ng4 17. h3 Nf6 {[%emt 0:00:08][%cal Oc8h3] [#]} 18. Bf5 $146 ({Predecessor:} 18. Ne2 Qg5 19. Nf4 Bd7 20. a4 Nh5 21. Nxh5 Qxh5 22. b5 Rac8 23. Qb2 Qg5 24. bxc6 bxc6 {1-0 (67) Waller,A (2276)-Nitz,M (2134) ICCF email 2017}) 18... Ne4 19. Bxe4 dxe4 20. f4 {[%emt 0:00:17] [#]} (20. Ne2 $14) 20... Bxh3 $1 21. gxh3 {[%emt 0:12:48] Threatens to win with Kh2.} Qg3+ 22. Kh1 {[%emt 0:00:05] Hoping for Rae1.} Qxh3+ 23. Qh2 Qxe3 24. Ne2 a5 25. b5 cxb5 26. Rab1 (26. f5 $11) 26... b4 27. Rb3 Qd2 28. Rg3 Ra6 {[%emt 0:04:21] And now ...Rg6 would win.} 29. f5 {[%emt 0:01:05][%cal Of5f6] Inhibits Rg6.} Rf6 (29... Qxa2 30. f6 Qd2 31. fxg7+ Kg8 32. Qh5 $18) 30. Qg2 Rg8 (30... Qxa2 31. Rxg7 Qa3 32. Ng3 $1 Kxg7 33. Nh5+ Kf8 34. Qg7+ Ke7 35. Qxf6+ Kd7 36. Qxf7+ Kd8 37. Kg2 $18) 31. Qxe4 {[%emt 0:00:20] Rfg1 is the strong threat.} Rc6 $2 (31... Qxa2 $11 32. d5 Qa4) 32. Rfg1 $1 $18 Qxa2 {[%emt 0:04:55] [#]} 33. Nf4 $1 {[%emt 0:11:36] Strongly threatening Qe5.} Rc3 $2 {[%emt 0:08:02] This costs Black the game.} (33... Qc4 $16) 34. R3g2 Qb3 {[%emt 0:01:42] [#]} 35. f6 $1 {[%emt 0:05:51] White mates.} g6 36. Rh2 h5 {[%emt 0:00:49] [#]} 37. Qf5 $3 {[%emt 0:15:58][%mdl 512] Weighted Error Value: White=0.10 (very precise) /Black=0.47} 1-0

[Event "Summer Prague Open-A 2022"]
[Site "Prague"]
[Date "2022.08.08"]
[Round "5.2"]
[White "Brejnik, Gustav"]
[Black "Zanan, Evgeny"]
[Result "1-0"]
[ECO "E04"]
[WhiteElo "2292"]
[BlackElo "2521"]
[Annotator "TA"]
[PlyCount "73"]
[EventDate "2022.08.05"]
[EventType "swiss"]
[EventCountry "CZE"]
[SourceTitle "playchess.com"]
[Source "ChessBase"]
[SourceQuality "1"]
[TimeControl "40/5400+30:1800+30"]

1. d4 Nf6 2. c4 e6 3. Nf3 d5 4. g3 dxc4 5. Bg2 Bb4+ 6. Bd2 a5 7. a3 {[%emt 0:00:56] E04: Open Catalan: 5 Nf3.} Bxd2+ 8. Nbxd2 b5 9. b3 {[%emt 0:00:16] The position is equal.} cxb3 10. Qxb3 c6 11. O-O {[%emt 0:00:09][%mdl 1024] White has compensation.} O-O 12. Rfc1 Bb7 13. Qb2 Qe7 14. Ne5 Nd5 15. Ne4 {[%emt 0:22:27] [#]} f6 $146 ({Predecessor:} 15... Rc8 16. Nc5 Na6 17. Nb3 Qd8 18. e4 Nf6 19. Qc3 c5 20. Nxa5 Bxe4 21. Nec6 Qe8 22. Bxe4 Nxe4 {½-½ (57) Fus,J (2403)-Marn,J (2280) Belgrade 2021}) 16. Nd3 Nd7 17. Nec5 Nxc5 18. Nxc5 Rad8 19. e4 Nb6 20. a4 b4 21. Bh3 Bc8 22. Nb3 $1 $36 {[%emt 0:03:38][%csl LRa5,LRc6][%mdl 2112] [#] Discovered Attack. Keeping Black busy. White is more active.} e5 (22... Qa7 $142) 23. Bxc8 $16 Rxc8 24. Nxa5 Qd6 25. Nc4 ({White should try} 25. Qb3+ $18 Kh8 26. Rab1) 25... Nxc4 $14 26. Rxc4 Rb8 27. Rac1 exd4 (27... b3 $14) 28. Rxd4 $16 Qe5 {[%emt 0:01:44] [#]} (28... Qe7 $16) 29. Qb3+ $1 $18 ({Resist} 29. Rxc6 $6 b3 $14) 29... Kh8 30. Rxb4 f5 (30... Rbc8 $142 31. Qc3 Qxc3 32. Rxc3 Kg8) 31. exf5 {[%emt 0:01:12] Hoping for Rxb8.} ({Don't play} 31. Rxc6 fxe4 32. Rxb8 Qxb8 33. Qxb8 Rxb8 $18) 31... Rxb4 32. Qxb4 {[%emt 0:00:01][%cal Rb4f8] KQR-KQR} Rb8 (32... Qxf5 {was worth a try.} 33. Qb6 Qg5 34. Rxc6 Qd2) 33. Qc5 Qe4 (33... Qxc5 34. Rxc5 Rb1+ 35. Kg2 Rb6) 34. Qd6 {[%emt 0:01:16] White is clearly winning.} Rc8 35. f6 {[%emt 0:00:38] And now Qd7 would win.} gxf6 36. Qxf6+ Kg8 37. Rc5 {[%emt 0:00:49] Weighted Error Value: White=0.10 (very precise) /Black=0.33} 1-0

[Event "Summer Prague Open-A 2022"]
[Site "Prague"]
[Date "2022.08.08"]
[Round "5.3"]
[White "Mirzoev, Azer"]
[Black "Santagati, Alessandro"]
[Result "1-0"]
[ECO "D38"]
[WhiteElo "2424"]
[BlackElo "2299"]
[Annotator "RC"]
[PlyCount "91"]
[EventDate "2022.08.05"]
[EventType "swiss"]
[EventCountry "CZE"]
[SourceTitle "playchess.com"]
[Source "ChessBase"]
[SourceQuality "1"]
[TimeControl "40/5400+30:1800+30"]

1. d4 Nf6 2. Nf3 d5 3. c4 e6 4. Nc3 Bb4 5. Qa4+ Nc6 6. a3 Bxc3+ 7. bxc3 Ne4 8. Qc2 Na5 9. e3 b6 10. cxd5 exd5 11. Bd3 O-O 12. c4 Ba6 13. Nd2 f5 14. O-O Rf6 15. cxd5 Bxd3 16. Qxd3 Qxd5 17. f3 Nc5 18. Qc2 Ncb3 19. Nxb3 Nxb3 20. Rb1 Nxc1 21. Rfxc1 c5 22. dxc5 Rc8 23. Rd1 Qxc5 24. Qb3+ Kh8 25. Rd5 Qe7 26. Rbd1 Re8 27. R1d3 Rc6 28. Qb2 Qc7 29. Qb5 h6 30. f4 Rc1+ 31. Kf2 Qc2+ 32. Rd2 Qe4 33. Qd3 Qe7 34. g3 Rh1 35. Kf3 Re1 36. Re5 Qf7 37. Qd5 Qh5+ 38. Kf2 Rxe5 39. fxe5 Ra1 40. h4 Qg4 41. e6 f4 42. exf4 Rxa3 43. Qa8+ Kh7 44. Qe4+ Qg6 45. Qxg6+ Kxg6 46. Re2 1-0

[Event "Summer Prague Open-A 2022"]
[Site "Prague"]
[Date "2022.08.08"]
[Round "5.4"]
[White "Kvaloy, Aksel Bu"]
[Black "Kambrath, Yannick"]
[Result "1/2-1/2"]
[ECO "A40"]
[WhiteElo "2289"]
[BlackElo "2401"]
[Annotator "RC"]
[PlyCount "54"]
[EventDate "2022.08.05"]
[EventType "swiss"]
[EventCountry "CZE"]
[SourceTitle "playchess.com"]
[Source "ChessBase"]
[SourceQuality "1"]
[TimeControl "40/5400+30:1800+30"]

1. d4 Nf6 2. c4 e6 3. g3 d5 4. Nf3 Bb4+ 5. Bd2 Be7 6. Bg2 Nbd7 7. O-O O-O 8. Qc2 Ne4 9. Bf4 c6 10. h4 b6 11. Nbd2 Nxd2 12. Nxd2 Bb7 13. Rfd1 Rc8 14. Rac1 Bf6 15. Nf3 Re8 16. Bg5 c5 17. dxc5 Rxc5 18. Bxf6 Nxf6 19. Qb1 Qa8 20. cxd5 Rxc1 21. Rxc1 Bxd5 22. Ne1 h6 23. Qc2 Rd8 24. b3 Bxg2 25. Nxg2 Nd5 26. Qd2 Qb8 27. Ne3 Nxe3 1/2-1/2

[Event "Summer Prague Open-A 2022"]
[Site "Prague"]
[Date "2022.08.08"]
[Round "5.5"]
[White "Weishaeutel, Moritz"]
[Black "Kulhanek, Tomas"]
[Result "0-1"]
[ECO "E42"]
[WhiteElo "2400"]
[BlackElo "2319"]
[Annotator "RC"]
[PlyCount "126"]
[EventDate "2022.08.05"]
[EventType "swiss"]
[EventCountry "CZE"]
[SourceTitle "playchess.com"]
[Source "ChessBase"]
[SourceQuality "1"]
[TimeControl "40/5400+30:1800+30"]

1. d4 Nf6 2. c4 e6 3. Nc3 Bb4 4. e3 c5 5. Nge2 cxd4 6. exd4 d5 7. c5 Ne4 8. a3 Bxc3+ 9. Nxc3 Nxc3 10. bxc3 b6 11. Bb5+ Bd7 12. cxb6 axb6 13. Bd3 O-O 14. Qh5 f5 15. O-O Qc7 16. Bd2 Nc6 17. Rfe1 Rf6 18. Qh4 Na5 19. Rac1 Ba4 20. Bf4 Qd7 21. Re3 Rg6 22. Be2 Nc4 23. Rh3 h6 24. Bh5 Rf6 25. Rg3 Kh8 26. Bg6 Rxg6 27. Rxg6 Qf7 28. Rg3 Kh7 29. Be5 Rg8 30. Bf4 Ra8 31. Rh3 Qf8 32. Kh1 Be8 33. Rg1 Rxa3 34. g4 Bg6 35. Rhg3 Ra7 36. h3 fxg4 37. Rxg4 Bf5 38. R4g3 Rf7 39. Kh2 g6 40. Rf3 Ra7 41. Be5 Nxe5 42. dxe5 Rg7 43. Ra1 g5 44. Qd4 h5 45. Qxb6 g4 46. Rf4 Qe7 47. Qe3 gxh3 48. Rfa4 d4 49. Qf3 Bg4 50. Qe4+ Bf5 51. Qf3 Bg4 52. Qf4 Qb7 53. Rg1 dxc3 54. Rb4 Qf7 55. Qg3 c2 56. Rc4 Bf5 57. Qf3 Rxg1 58. Kxg1 Qg7+ 59. Kh1 Kh6 60. Rc5 Qg5 61. Qc6 Qc1+ 62. Kh2 Qf4+ 63. Kg1 h2+ 0-1

[Event "Summer Prague Open-A 2022"]
[Site "Prague"]
[Date "2022.08.08"]
[Round "5.6"]
[White "Slampa, Jan"]
[Black "Roubalik, Jakub"]
[Result "1/2-1/2"]
[ECO "C84"]
[WhiteElo "2254"]
[BlackElo "2380"]
[Annotator "RC"]
[PlyCount "34"]
[EventDate "2022.08.05"]
[EventType "swiss"]
[EventCountry "CZE"]
[SourceTitle "playchess.com"]
[Source "ChessBase"]
[SourceQuality "1"]
[TimeControl "40/5400+30:1800+30"]

1. e4 e5 2. Nf3 Nc6 3. Bb5 a6 4. Ba4 Nf6 5. O-O Be7 6. d3 b5 7. Bb3 d6 8. a3 O-O 9. Nc3 Bg4 10. Be3 Nd4 11. Bxd4 exd4 12. Nd5 c5 13. h3 Be6 14. Nxf6+ Bxf6 15. Bxe6 fxe6 16. Qe2 Qc7 17. a4 c4 1/2-1/2

[Event "Summer Prague Open-A 2022"]
[Site "Prague"]
[Date "2022.08.08"]
[Round "5.7"]
[White "Fiskaaen, Martin Holten"]
[Black "Sarkar, Justin"]
[Result "0-1"]
[ECO "D38"]
[WhiteElo "1930"]
[BlackElo "2346"]
[Annotator "RC"]
[PlyCount "88"]
[EventDate "2022.08.05"]
[EventType "swiss"]
[EventCountry "CZE"]
[SourceTitle "playchess.com"]
[Source "ChessBase"]
[SourceQuality "1"]
[TimeControl "40/5400+30:1800+30"]

1. d4 Nf6 2. c4 e6 3. Nf3 d5 4. Nc3 Bb4 5. Qa4+ Nc6 6. e3 O-O 7. Qc2 Ne7 8. Bd2 b6 9. a3 Bxc3 10. Bxc3 Bb7 11. b3 dxc4 12. bxc4 Be4 13. Qb2 Bb7 14. Nd2 Nf5 15. Bd3 Nh4 16. f3 Nxg2+ 17. Kf2 Nh4 18. Rag1 Nh5 19. Be4 Bxe4 20. Nxe4 Ng6 21. Ng3 Qh4 22. f4 c5 23. d5 exd5 24. cxd5 Rad8 25. Rd1 f5 26. d6 Rf7 27. Qb3 Nf6 28. Kg2 Ne4 29. Nxe4 fxe4 30. Qe6 Qh5 31. Rhf1 Qf5 32. Qc4 Nh4+ 33. Kh1 Nf3 34. Rf2 Kf8 35. Rg2 g6 36. Ba1 Rfd7 37. Qc3 Rxd6 38. Qg7+ Ke8 39. Rf1 Rd1 40. Rgf2 Qf7 41. Qc3 R8d2 42. Kg2 Rxf1 43. Kxf1 Rd1+ 44. Ke2 Re1+ 0-1

[Event "Summer Prague Open-A 2022"]
[Site "Prague"]
[Date "2022.08.08"]
[Round "5.8"]
[White "Ranaldi, Lucas"]
[Black "Mirimanian, Hayk"]
[Result "1/2-1/2"]
[ECO "A15"]
[WhiteElo "2339"]
[BlackElo "2228"]
[Annotator "RC"]
[PlyCount "103"]
[EventDate "2022.08.05"]
[EventType "swiss"]
[EventCountry "CZE"]
[SourceTitle "playchess.com"]
[Source "ChessBase"]
[SourceQuality "1"]
[TimeControl "40/5400+30:1800+30"]

1. c4 Nf6 2. Nf3 e6 3. Nc3 d5 4. d4 dxc4 5. e4 Bb4 6. Bg5 h6 7. Bxf6 Qxf6 8. Bxc4 O-O 9. e5 Qe7 10. O-O Bxc3 11. bxc3 Rd8 12. Qe2 Nd7 13. Rad1 Nf8 14. Nd2 Qa3 15. Ne4 Bd7 16. Rd3 Bc6 17. f4 b5 18. Bb3 Bxe4 19. Qxe4 c5 20. Rg3 cxd4 21. cxd4 Qb2 22. d5 exd5 23. Bxd5 Rac8 24. Bxf7+ Kxf7 25. Qb7+ Ke8 26. Rxg7 Qd4+ 27. Kh1 Nd7 28. Qf3 Kf8 29. Qg3 Qc4 30. Rg1 Nc5 31. Rxa7 Rd7 32. Rxd7 Nxd7 33. Qh3 Qc6 34. e6 Nf6 35. Qxh6+ Ke7 36. Qg7+ Kxe6 37. Re1+ Ne4 38. h3 Re8 39. Qg6+ Kd7 40. Qf5+ Kc7 41. Kh2 Kb6 42. Qg4 Nc3 43. Rxe8 Qxe8 44. Qf3 Qe1 45. f5 Qe5+ 46. g3 Ne4 47. h4 Qb2+ 48. Kh3 Nf2+ 49. Kg2 Ne4+ 50. Kh3 Nf2+ 51. Kg2 Ne4+ 52. Kh3 1/2-1/2

[Event "Summer Prague Open-A 2022"]
[Site "Prague"]
[Date "2022.08.08"]
[Round "5.9"]
[White "Lalic, Bogdan"]
[Black "Svatos, Jan"]
[Result "1-0"]
[ECO "A17"]
[WhiteElo "2412"]
[BlackElo "2185"]
[Annotator "RC"]
[PlyCount "114"]
[EventDate "2022.08.05"]
[EventType "swiss"]
[EventCountry "CZE"]
[SourceTitle "playchess.com"]
[Source "ChessBase"]
[SourceQuality "1"]
[TimeControl "40/5400+30:1800+30"]

1. c4 Nf6 2. Nc3 e6 3. Nf3 b6 4. g3 Bb7 5. Bg2 Bb4 6. Qb3 a5 7. O-O O-O 8. d4 Bxc3 9. Qxc3 d6 10. b3 Nbd7 11. Bb2 Ne4 12. Qc2 f5 13. Rad1 Qe7 14. d5 e5 15. Nh4 Ndc5 16. Nxf5 Rxf5 17. Bxe4 Nxe4 18. Qxe4 Qf7 19. f4 Rf8 20. e3 Qg6 21. Qg2 exf4 22. gxf4 Qxg2+ 23. Kxg2 g5 24. Bc1 gxf4 25. exf4 a4 26. Rf3 b5 27. Re1 bxc4 28. bxc4 c6 29. Rg3+ Kf7 30. Bb2 Rg8 31. Rxg8 Kxg8 32. dxc6 Bxc6+ 33. Kg3 Kf7 34. Bd4 Bd7 35. Rb1 Rh5 36. Rb7 Ke8 37. h4 Rh6 38. Ra7 Rg6+ 39. Kf3 Bc6+ 40. Ke2 Rg4 41. Rxh7 Rxf4 42. Rh8+ Ke7 43. Kd3 Be8 44. h5 Rf3+ 45. Be3 Rh3 46. h6 Bg6+ 47. Ke2 Bh5+ 48. Kd2 Rh2+ 49. Kc3 Rh3 50. Kb4 Be8 51. Bg5+ Kf7 52. h7 Rh1 53. a3 Rh3 54. Ka5 Rh5 55. Kb6 Rh3 56. Kc7 Rf3 57. Be3 Ke7 1-0

[Event "Summer Prague Open-A 2022"]
[Site "Prague"]
[Date "2022.08.08"]
[Round "5.10"]
[White "Fleish, Felix"]
[Black "Schmaltz, Roland"]
[Result "0-1"]
[ECO "B23"]
[WhiteElo "2244"]
[BlackElo "2466"]
[Annotator "TA"]
[PlyCount "110"]
[EventDate "2022.08.05"]
[EventType "swiss"]
[EventCountry "CZE"]
[SourceTitle "playchess.com"]
[Source "ChessBase"]
[SourceQuality "1"]
[TimeControl "40/5400+30:1800+30"]

1. e4 c5 2. Nc3 e6 3. g3 Nc6 4. Bg2 g6 5. d3 Bg7 6. Be3 d6 7. Qd2 Rb8 8. Nge2 Nd4 9. Bxd4 cxd4 10. Nb5 Qb6 {[%emt 0:00:34] B26: Closed Sicilian: 3 g3, lines with early Be3.} 11. Qb4 Ke7 12. c3 (12. Nexd4 $2 Bd7 13. f4 a6 14. Nc6+ bxc6 $19) 12... dxc3 {[%emt 0:02:39] Black is slightly better.} 13. bxc3 ({Don't blunder} 13. Nexc3 $2 a6 14. d4 axb5 $19) 13... a6 14. Nbd4 Qxb4 15. cxb4 Bd7 16. Rc1 {[%emt 0:11:25] [#]} Kd8 $146 ({Predecessor:} 16... Nf6 17. Kd2 Rhc8 18. f4 e5 19. Nc2 Be6 20. a3 d5 21. fxe5 Bh6+ 22. Nf4 Nh5 23. Rhf1 {½-½ (23) Arias,J (1933)-Kropff,R (2224) Cochabamba 2013}) 17. Nb3 Ne7 18. d4 b6 (18... Rc8 {seems wilder.} 19. Kd2 b6 20. f4 d5) 19. d5 (19. f4 $11 {keeps the balance.}) 19... exd5 $17 20. exd5 Nf5 {[%emt 0:00:14] Against Nbd4} 21. O-O Re8 22. Nc3 Rc8 {[%emt 0:02:16] Black is more active.} 23. Ne4 Bb5 (23... Ke7 $17) 24. Rxc8+ $1 $11 Kxc8 25. g4 $1 Bxf1 26. Kxf1 {[%emt 0:00:06] [#]} Rxe4 $1 27. Bxe4 {[%emt 0:00:03][%mdl 4096] Endgame KBN-KBN} Nh6 28. g5 Ng4 29. h3 Ne5 30. Nd4 ({White should try} 30. a4 $11) 30... b5 31. Nc6 Nc4 {[%emt 0:02:09] Hoping for ...Nd2+.} 32. Ke2 {[%emt 0:00:16] Inhibits Nd2.} Bb2 33. Bc2 Bc1 34. h4 Nb6 35. Bb3 Bb2 36. f4 Bc1 37. Kf3 Kc7 38. Kg4 Nc4 39. Bxc4 (39. Kf3 $11) 39... bxc4 {[%emt 0:00:39] KB-KN} 40. Nd4 {[%emt 0:00:15] [#] Loses the game.} (40. Kf3 $17) 40... Bd2 $1 $19 41. a3 $2 (41. Nc2) 41... Kb6 42. f5 a5 43. fxg6 hxg6 44. bxa5+ Bxa5 {[%emt 0:01:01] aiming for ...Kc5.} 45. Kf3 Be1 46. Ke4 (46. Ke2 $142 Bxh4 47. Nf3) 46... Bxh4 47. Nf3 Bf2 48. Nd2 Kc5 49. a4 Be1 50. Nf3 Bc3 {[%emt 0:00:34] Threatens to win with ...Kb4.} 51. Ng1 Kb4 52. Ne2 Be5 53. Nd4 Bxd4 {[%emt 0:00:38] Black mates.} 54. Kxd4 c3 55. Kd3 Kb3 {[%emt 0:00:15] Weighted Error Value: White=0.91/Black=0.23 (precise)} 0-1

[Event "Summer Prague Open-A 2022"]
[Site "Prague"]
[Date "2022.08.08"]
[Round "5.11"]
[White "Bruchmann, Stephan"]
[Black "Kaspi, Alexander"]
[Result "1/2-1/2"]
[ECO "B53"]
[WhiteElo "2226"]
[BlackElo "2414"]
[Annotator "RC"]
[PlyCount "44"]
[EventDate "2022.08.05"]
[EventType "swiss"]
[EventCountry "CZE"]
[SourceTitle "playchess.com"]
[Source "ChessBase"]
[SourceQuality "1"]
[TimeControl "40/5400+30:1800+30"]

1. e4 c5 2. Nf3 d6 3. d4 cxd4 4. Qxd4 Nc6 5. Bb5 Bd7 6. Bxc6 bxc6 7. O-O e5 8. Qd3 Qc7 9. c4 Ne7 10. Be3 Ng6 11. Nc3 Rd8 12. b4 Be7 13. b5 O-O 14. bxc6 Bxc6 15. Nd5 Bxd5 16. cxd5 Rb8 17. Rfc1 Qd7 18. Nd2 Bd8 19. Rc6 Ne7 20. Ra6 Bb6 21. Bxb6 Rxb6 22. Rxb6 axb6 1/2-1/2

[Event "Summer Prague Open-A 2022"]
[Site "Prague"]
[Date "2022.08.08"]
[Round "5.12"]
[White "Lutsko, Artem"]
[Black "Shehzad, Shazil"]
[Result "1-0"]
[ECO "A20"]
[WhiteElo "2392"]
[BlackElo "2274"]
[Annotator "RC"]
[PlyCount "75"]
[EventDate "2022.08.05"]
[EventType "swiss"]
[EventCountry "CZE"]
[SourceTitle "playchess.com"]
[Source "ChessBase"]
[SourceQuality "1"]
[TimeControl "40/5400+30:1800+30"]

1. c4 e5 2. d3 Nf6 3. Nf3 Nc6 4. a3 d5 5. cxd5 Nxd5 6. e4 Nb6 7. Be3 Be7 8. Be2 O-O 9. O-O f5 10. Qc2 a5 11. Rd1 f4 12. Bc5 Bg4 13. Nbd2 Qd7 14. b4 Bxc5 15. Qxc5 Qd6 16. Qxd6 cxd6 17. b5 Bxf3 18. Nxf3 Nd4 19. Nxd4 exd4 20. Rdc1 Rac8 21. Bg4 Rc5 22. Rxc5 dxc5 23. Rc1 Na4 24. Rc4 Nb2 25. Rxc5 Nxd3 26. Be6+ Kh8 27. Rd5 f3 28. g3 Nc1 29. Kf1 Ne2 30. b6 g6 31. e5 h5 32. Rd7 Rc8 33. Rc7 Rd8 34. Rc8 Rxc8 35. Bxc8 Nc3 36. Bxb7 Na4 37. e6 Kg7 38. Bc6 1-0

[Event "Summer Prague Open-A 2022"]
[Site "Prague"]
[Date "2022.08.08"]
[Round "5.13"]
[White "Ehrlich, Roy"]
[Black "Zamengo, Fulvio"]
[Result "0-1"]
[ECO "C00"]
[WhiteElo "2183"]
[BlackElo "2396"]
[Annotator "RC"]
[PlyCount "80"]
[EventDate "2022.08.05"]
[EventType "swiss"]
[EventCountry "CZE"]
[SourceTitle "playchess.com"]
[Source "ChessBase"]
[SourceQuality "1"]
[TimeControl "40/5400+30:1800+30"]

1. e4 e6 2. b3 d5 3. Bb2 Nc6 4. e5 d4 5. Nf3 Nge7 6. Qe2 a6 7. Qe4 Nf5 8. c3 Bc5 9. Na3 Qd5 10. Bd3 dxc3 11. dxc3 Qxe4+ 12. Bxe4 Bd7 13. O-O h6 14. Nc2 O-O-O 15. b4 Be7 16. a4 Nb8 17. g4 Nh4 18. Nfd4 h5 19. f3 Ng6 20. f4 hxg4 21. b5 c5 22. bxc6 Nxc6 23. Ba3 Bxa3 24. Nxa3 Na5 25. Nb1 Nc4 26. Bd3 Ne3 27. Re1 Nd5 28. f5 Nh4 29. Nd2 exf5 30. Nc4 Be6 31. Nd6+ Kc7 32. N6xf5 Nf4 33. Be4 Nh3+ 34. Kh1 Nf2+ 35. Kg1 Nxe4 36. Nxh4 Ng5 37. Ng2 Nf3+ 38. Nxf3 gxf3 39. Nf4 Rd2 40. Nxe6+ fxe6 0-1

[Event "Summer Prague Open-A 2022"]
[Site "Prague"]
[Date "2022.08.08"]
[Round "5.14"]
[White "Neuman, Petr"]
[Black "Gloser, David"]
[Result "1-0"]
[ECO "B54"]
[WhiteElo "2378"]
[BlackElo "2221"]
[Annotator "RC"]
[PlyCount "101"]
[EventDate "2022.08.05"]
[EventType "swiss"]
[EventCountry "CZE"]
[SourceTitle "playchess.com"]
[Source "ChessBase"]
[SourceQuality "1"]
[TimeControl "40/5400+30:1800+30"]

1. e4 c5 2. Nf3 d6 3. d4 cxd4 4. Nxd4 Nf6 5. f3 g6 6. c4 Bg7 7. Be3 O-O 8. Nc3 Nc6 9. Qd2 Bd7 10. Be2 Nxd4 11. Bxd4 Bc6 12. O-O a5 13. b3 Nd7 14. Bf2 Nc5 15. Rab1 f5 16. exf5 gxf5 17. Nb5 Rf6 18. Nd4 Bd7 19. Rbd1 Qf8 20. Rfe1 Rg6 21. Bf1 b6 22. Ne2 e5 23. Nc3 Bc6 24. Nd5 Rb8 25. Qc2 Kh8 26. Kh1 Rh6 27. Be3 f4 28. Bg1 e4 29. Rxe4 Bxd5 30. Rxd5 Nxe4 31. Qxe4 Re8 32. Qd3 Re1 33. Bxb6 Qe7 34. Bf2 Re5 35. Qd2 Rxd5 36. Qxd5 Bc3 37. Bd3 Re6 38. Be4 Qf6 39. g4 Qe5 40. Qd3 Re7 41. h4 h6 42. Kg2 Re8 43. Kf1 Kg7 44. h5 Kf8 45. Bd5 Ke7 46. c5 Kd8 47. c6 Re7 48. Qa6 Rc7 49. Qa8+ Rc8 50. Bh4+ Kc7 51. Qb7# 1-0

[Event "Summer Prague Open-A 2022"]
[Site "Prague"]
[Date "2022.08.08"]
[Round "5.15"]
[White "Winter, Ondrej"]
[Black "Hollan, Martin"]
[Result "1-0"]
[ECO "B30"]
[WhiteElo "2168"]
[BlackElo "2399"]
[Annotator "RC"]
[PlyCount "99"]
[EventDate "2022.08.05"]
[EventType "swiss"]
[EventCountry "CZE"]
[SourceTitle "playchess.com"]
[Source "ChessBase"]
[SourceQuality "1"]
[TimeControl "40/5400+30:1800+30"]

1. e4 c5 2. Nf3 Nc6 3. Bb5 e6 4. O-O Nge7 5. Re1 Nd4 6. Nxd4 cxd4 7. d3 Nc6 8. Nd2 a6 9. Ba4 g6 10. f4 Bg7 11. Nf3 O-O 12. Bd2 d6 13. Bb3 Bd7 14. Qe2 Na5 15. Qf2 Nxb3 16. axb3 Rc8 17. Ba5 Qf6 18. e5 dxe5 19. fxe5 Qe7 20. Qxd4 Rfe8 21. Bb4 Qd8 22. c4 h6 23. Qe3 Bc6 24. Bd6 Bxf3 25. Qxf3 Qb6+ 26. Kh1 Qxb3 27. Rf1 Kh7 28. Rad1 b5 29. c5 Qxb2 30. Qxf7 Qe2 31. Qb7 Rg8 32. d4 a5 33. Rde1 Qd2 34. Qxb5 Qxd4 35. Qxa5 Qd5 36. Rd1 Qc6 37. Qb6 Qe4 38. Rfe1 Qa4 39. h3 Ra8 40. Qb7 Ra7 41. Qe4 Qa2 42. c6 Rc8 43. Rc1 Ra4 44. Qc2 Qxc2 45. Rxc2 Kg8 46. c7 Kf7 47. Rf1+ Ke8 48. Rcf2 Ra5 49. Rf7 Ra1 50. Re7# 1-0

[Event "Summer Prague Open-A 2022"]
[Site "Prague"]
[Date "2022.08.08"]
[Round "5.16"]
[White "Hrabusa, Matej"]
[Black "Prilleltensky, Matan"]
[Result "1/2-1/2"]
[ECO "D30"]
[WhiteElo "2354"]
[BlackElo "2191"]
[Annotator "RC"]
[PlyCount "131"]
[EventDate "2022.08.05"]
[EventType "swiss"]
[EventCountry "CZE"]
[SourceTitle "playchess.com"]
[Source "ChessBase"]
[SourceQuality "1"]
[TimeControl "40/5400+30:1800+30"]

1. d4 d5 2. c4 e6 3. Nf3 c6 4. g3 dxc4 5. Bg2 b5 6. O-O Bb7 7. a4 Nf6 8. Ne5 a6 9. b3 cxb3 10. Bb2 Be7 11. Nd2 O-O 12. Qxb3 Nfd7 13. Nd3 Nf6 14. Rfc1 Nbd7 15. Bxc6 Rb8 16. axb5 Bxc6 17. Rxc6 axb5 18. Nf3 b4 19. Nf4 Qe8 20. Rac1 Kh8 21. h4 Nb6 22. Ne5 Nbd5 23. Nxd5 Nxd5 24. e4 Nf6 25. Qf3 Nd7 26. Nxd7 Qxd7 27. d5 exd5 28. exd5 Bd6 29. h5 h6 30. R1c4 f6 31. Qe4 Rbe8 32. Qd3 Qh3 33. Rc1 Be5 34. Bxe5 Rxe5 35. Qf1 Qxf1+ 36. Rxf1 Rxd5 37. Rb6 Rxh5 38. Rxb4 Rd5 39. Ra1 Rfd8 40. Ra7 R5d7 41. Rbb7 Rxb7 42. Rxb7 Kh7 43. Kg2 Rd3 44. g4 Rd5 45. Kg3 f5 46. f3 fxg4 47. fxg4 Kg6 48. Kf4 Rd4+ 49. Kg3 Rd5 50. Kf4 h5 51. gxh5+ Rxh5 52. Rb6+ Kh7 53. Kg4 Ra5 54. Kh4 g6 55. Rb4 Kh6 56. Kg4 Rg5+ 57. Kh4 Rg1 58. Rb6 Ra1 59. Rb4 g5+ 60. Kg4 Rg1+ 61. Kh3 Kh5 62. Rb5 Ra1 63. Rb3 g4+ 64. Kg3 Rg1+ 65. Kh2 Rf1 66. Kg3 1/2-1/2

[Event "Summer Prague Open-A 2022"]
[Site "Prague"]
[Date "2022.08.08"]
[Round "5.17"]
[White "Krivanek, Vladimir"]
[Black "Guz, Ari"]
[Result "1/2-1/2"]
[ECO "A05"]
[WhiteElo "2152"]
[BlackElo "2331"]
[Annotator "RC"]
[PlyCount "60"]
[EventDate "2022.08.05"]
[EventType "swiss"]
[EventCountry "CZE"]
[SourceTitle "playchess.com"]
[Source "ChessBase"]
[SourceQuality "1"]
[TimeControl "40/5400+30:1800+30"]

1. Nf3 Nf6 2. c4 e6 3. b3 d5 4. Bb2 Be7 5. e3 b6 6. d3 Bb7 7. Nbd2 c5 8. g4 h6 9. Rg1 Nbd7 10. Qc2 Qc7 11. cxd5 exd5 12. d4 O-O-O 13. Bd3 Kb8 14. O-O-O Rc8 15. Ba3 Rhe8 16. Kb1 c4 17. Bxe7 Rxe7 18. Bf5 c3 19. Nf1 g6 20. Bd3 Ne4 21. Ne1 Qd6 22. f3 Ng5 23. h4 Ne6 24. Qh2 Qxh2 25. Nxh2 Ng7 26. Nc2 h5 27. g5 Rce8 28. Rge1 Nf8 29. Nf1 Nfe6 30. Ng3 a5 1/2-1/2

[Event "Summer Prague Open-A 2022"]
[Site "Prague"]
[Date "2022.08.08"]
[Round "5.18"]
[White "Sorm, Daniel"]
[Black "Jun, Rudolf"]
[Result "0-1"]
[ECO "E28"]
[WhiteElo "2308"]
[BlackElo "2134"]
[Annotator "RC"]
[PlyCount "84"]
[EventDate "2022.08.05"]
[EventType "swiss"]
[EventCountry "CZE"]
[SourceTitle "playchess.com"]
[Source "ChessBase"]
[SourceQuality "1"]
[TimeControl "40/5400+30:1800+30"]

1. d4 Nf6 2. c4 e6 3. Nc3 Bb4 4. e3 O-O 5. a3 Bxc3+ 6. bxc3 d6 7. f3 e5 8. e4 h6 9. Bd3 Nc6 10. Ne2 Nh7 11. Qc2 Qh4+ 12. g3 Qh3 13. Ng1 Qd7 14. Be3 b6 15. f4 f5 16. exf5 exd4 17. cxd4 Re8 18. Kf2 Nf6 19. h3 Qe7 20. Qd2 Na5 21. Re1 Ne4+ 22. Bxe4 Qxe4 23. Nf3 Bb7 24. d5 Nxc4 25. Qd4 Qxd5 26. Qxd5+ Bxd5 27. Bc1 Kf7 28. Rd1 Bxf3 29. Kxf3 Re7 30. Rh2 Rae8 31. Rc2 b5 32. Kg4 Re1 33. Rd3 c5 34. a4 a6 35. Rb3 Ne3+ 36. Bxe3 R1xe3 37. Rb1 b4 38. Rd1 b3 39. Rcd2 Rd8 40. Rxd6 Rxd6 41. Rxd6 c4 42. Rb6 Re7 0-1